 Dungeon Crawl Stone Soup version 0.32-a0-391-gce5c0aab1b (webtiles) character file.

Game seed: 37286886183405710

33464 senseless the Carver (level 13, -2/97 HPs)
             Began as a Coglin Gladiator on Feb 19, 2024.
             Was the Champion of Hepliaklqana.
             Slain by a death yak (19 damage)
             ... on level 1 of the Lair of Beasts.
             The game lasted 00:45:06 (13889 turns).

senseless the Carver (Coglin Gladiator)            Turns: 13889, Time: 00:45:07

Health: -2/97      AC: 21    Str: 15    XL:     13   Next: 71%
Magic:  16/16      EV: 20    Int:  7    God:    Hepliaklqana [******]
Gold:   598        SH:  0    Dex: 21    Spells: 12/12 levels left

rFire   . . .        E - +1 long sword (flame) {Juwon}
rCold   + + .        S - +3 falchion (elec) {Yolanda}
rNeg    . . .        h - +2 leather armour of Boqames {rPois rC++ Slay+2}
rPois   +            c - +2 helmet
rElec   .            B - +2 cloak
rCorr   .            y - +2 pair of gloves
SInv    .            Z - +2 pair of boots
Will    .....        (no amulet)
Stlth   ++           p - +4 ring of protection
HPRegen 0.36/turn    u - ring of flight
MPRegen 0.15/turn

%: no passive effects
@: flying, revved, stiff-legged, very slow
A: reduced essence, off-hand wielding, slow wielding, warmup strikes, warmup
strides
a: Renounce Religion, Recall Ancestor, Ancestor Identity, Transference, Idealise


You were on level 1 of the Lair of Beasts.
You worshipped Hepliaklqana.
Hepliaklqana was exalted by your worship.
You visited 2 branches of the dungeon, and saw 15 of its levels.

You collected 1054 gold pieces.
You spent 456 gold pieces at shops.

Inventory:

Hand Weapons
 a - a +1 long sword of venom {Harkiran}
 g - a +2 short sword of flaming {Gaius}
 E - a +1 long sword of flaming (weapon) {Juwon}
 S - a +3 falchion of electrocution (worn) {Yolanda}
Missiles
 d - 7 throwing nets
 e - 7 javelins
 j - 8 atropa-tipped darts
 w - a curare-tipped dart
 A - 30 poisoned darts
 W - 2 darts of dispersal
Armour
 c - a +2 helmet (worn)
 h - the +2 leather armour of Boqames (worn) {rPois rC++ Slay+2}
   (You found it on level 4 of the Dungeon)

   Slay+2:    It affects your accuracy & damage with ranged weapons and melee
   (+2).
   rC++:      It greatly protects you from cold.
   rPois:     It protects you from poison
 y - a +2 pair of gloves (worn)
 B - a +2 cloak (worn)
 Z - a +2 pair of boots (worn)
Jewellery
 p - a +4 ring of protection (left grasper)
 u - a ring of flight (right grasper)
 v - a ring of magical power
 F - a +6 ring of intelligence
 O - a ring of fire
 Q - a ring of willpower
 X - a ring of positive energy
Wands
 r - a wand of polymorph (6)
 M - a wand of light (11)
 P - a wand of flame (10) (quivered)
 V - a wand of paralysis (4)
Scrolls
 b - 3 scrolls of immolation
 l - a scroll of silence
 m - 2 scrolls of teleportation
 q - 5 scrolls of blinking
 s - 2 scrolls of amnesia
 I - a scroll of revelation
 J - 2 scrolls of brand weapon
 K - a scroll of fear
 N - 2 scrolls of poison
 U - 2 scrolls of enchant armour
Potions
 f - 7 potions of curing
 i - a potion of lignification
 k - a potion of berserk rage
 n - a potion of haste
 o - 4 potions of heal wounds
 t - 4 potions of enlightenment
 x - a potion of might
 z - 2 potions of resistance
 D - 3 potions of invisibility
 G - a potion of attraction
 R - 2 potions of brilliance


   Skills:
 * Level 12.3 Fighting
 * Level 12.4 Long Blades
 + Level 8.3 Throwing
 * Level 11.4 Dodging
 + Level 4.8 Invocations


You had 12 spell levels left.
You didn't know any spells.
Your spell library contained the following spells:

 Spells                   Type           Power      Damage    Failure   Level
 Freeze                   Ice            0%         1d3       50%         1
 Magic Dart               Conj           0%         1d3       50%         1
 Slow                     Hex            0%         N/A       50%         1
 Sting                    Conj/Alch      0%         1d3       50%         1
 Blink                    Tloc           0%         N/A       65%         2
 Call Imp                 Summ           0%         N/A       65%         2
 Ensorcelled Hibernation  Hex/Ice        0%         N/A       65%         2
 Jinxbite                 Hex            0%         N/A       65%         2
 Mercury Vapours          Alch/Air       0%         N/A       65%         2
 Sublimation of Blood     Necr           0%         N/A       65%         2
 Confusing Touch          Hex            0%         N/A       86%         3
 Dazzling Flash           Conj/Hex       0%         N/A       86%         3
 Fugue of the Fallen      Necr           0%         N/A       86%         3
 Gell's Gravitas          Tloc           0%         N/A       86%         3
 Inner Flame              Hex/Fire       0%         N/A       86%         3
 Ozocubu's Armour         Ice            0%         N/A       86%         3
 Passwall                 Erth           0%         N/A       86%         3
 Sigil of Binding         Hex            0%         N/A       86%         3
 Summon Ice Beast         Ice/Summ       0%         N/A       86%         3
 Swiftness                Air            0%         N/A       86%         3
 Teleport Other           Tloc           0%         N/A       86%         3
 Vampiric Draining        Necr           0%         2d6       86%         3
 Volatile Blastmotes      Fire/Tloc      0%         2d10      86%         3
 Manifold Assault         Tloc           0%         N/A       99%         4
 Olgreb's Toxic Radiance  Alch           0%         N/A       99%         4
 Irradiate                Conj/Alch      0%         3d11      100%        5
 Metabolic Englaciation   Hex/Ice        0%         N/A       100%        5
 Summon Forest            Summ/Tloc      0%         N/A       100%        5
 Yara's Violent Unravell  Hex/Alch       0%         3d3       100%        5
 Dispersal                Tloc           0%         N/A       100%        6
 Starburst                Conj/Fire      0%         6d3       100%        6
 Enfeeble                 Hex            0%         N/A       100%        7
 Summon Hydra             Summ           0%         N/A       100%        7
 Ignition                 Fire           0%         3d3       100%        8
 Maxwell's Capacitive Co  Air            0%         ∞         100%        8


Dungeon Overview and Level Annotations

Branches:
Dungeon (13/15)            Temple (0/1) D:7            Lair (2/5) D:10
 Shoals (0/4) Lair:2          Orc (0/2) D:11
  Snake: Lair:2-3    Spider: Lair:2-3    Vaults: D:13-14

Altars:
Dithmenos
Gozag
Hepliaklqana
Kikubaaqudgha
Makhleb
Sif Muna

Shops:
D:7 :   D:11 [   D:12 ?


Innate Abilities, Weirdness & Mutations

Your life essence is reduced to manifest your ancestor. (-10% HP)
You can wield a second weapon in your off-hand.
It takes a long time for you to wield or remove held weapons.
Your first few attacks do less damage.
Your first movements take longer.


Message History

There is a stone staircase leading down here.
You slash the death yak with your +1 long sword of flaming!
You burn the death yak.
The death yak is lightly wounded.
You slash the death yak with your +3 falchion of electrocution!
The death yak gores you!
* * * LOW HITPOINT WARNING * * *
You hit the death yak with your +3 falchion of electrocution.
The death yak is moderately wounded.
You hit the death yak with your +1 long sword of flaming.
You burn the death yak. The death yak gores you!
* * * LOW HITPOINT WARNING * * *
The death yak barely misses you.
You slash the death yak with your +3 falchion of electrocution!
The death yak is heavily wounded.
You barely miss the death yak with your +1 long sword of flaming.
The death yak barely misses you.
You barely miss the death yak with your +3 falchion of electrocution.
The death yak is heavily wounded.
You hit the death yak but do no damage. The death yak closely misses you.
The death yak misses you.
You feel much better. The death yak completely misses you.
The death yak gores you!
* * * LOW HITPOINT WARNING * * *
You barely miss the death yak with your +1 long sword of flaming.
The death yak is heavily wounded.
You hit the death yak but do no damage.
Lightning courses through the death yak!
The death yak closely misses you.
You hit the death yak with your +1 long sword of flaming.
You burn the death yak.
The death yak is severely wounded.
You completely miss the death yak with your +3 falchion of electrocution.
The death yak misses you.
You hit the death yak with your +3 falchion of electrocution.
The death yak is severely wounded.
You hit the death yak but do no damage. The death yak misses you.
The death yak gores you!!
You die...
Hepliaklqana delivers you to your ancestors.

.###....R#..##..÷.........###.##.
#.###..###.......................
..####..###...)...............##P
.......#####...#...........######
.............#####.......###
..............# #....^...# ##
......###.....######..[..## ##.
..#..####..##..#P###.....######..
.#...# #..###...@Y.##.....##....#
....## #.## #..Y#.........#....##
..### ##.# #...#..............#
.## #..# ##..#.....#........## .#
#.## #...#....###.......### ##
##.# ##..#...####.....#...# .#
##..# ##.##..####.....P###..
.####P..####..#..####......## ##.
..#P....#P##.....# #....#..# ##


You could see 2 death yaks.

Vanquished Creatures
  The ghost of fpsbossfight the Fighter, a journeyman GrFE of Vehumet (D:10)
  A centaur warrior (D:13)
  6 death yaks
  A deep elf pyromancer (D:12)
  2 cyclopes
  A black mamba (Lair:1)
  8 cane toads
  2 elephants (Lair:2)
  A rime drake (Lair:1)
  4 komodo dragons
  An ice devil (D:10)
  5 trolls
  A polar bear (shapeshifter) (D:12)
  Prince Ribbit (D:8)
  5 blink frogs (Lair:2)
  2 slime creatures (D:12)
  A centaur simulacrum (D:10)
  42 yaks
  A wyvern (D:10)
  A wraith (D:12)
  A vampire (D:13)
  An unseen horror simulacrum (D:10)
  A golden eye (shapeshifter) (D:13)
  A steam dragon (D:6)
  11 vampire mosquitoes
  4 water moccasins
  2 orc warriors
  5 black bears
  2 ice beasts (D:10)
  An ogre (D:6)
  4 wolves (Lair:1)
  8 centaurs
  3 phantoms
  6 bullfrogs
  3 kobold brigands
  A gnoll sergeant (D:13)
  8 scorpions
  4 wights (D:6)
  7 killer bees
  2 electric eels (D:12)
  3 howler monkeys
  A bombardier beetle (D:7)
  2 hounds
  2 jellies (D:6)
  8 orc priests
  2 sleepcaps (D:5)
  5 iguanas
  12 orc wizards
  6 hell rats (Lair:2)
  9 adders
  4 gnolls
  3 white imps
  2 ufetubi (D:6)
  2 ribbon worms (D:2)
  A dart slug (D:4)
  34 orcs
  5 ball pythons
  12 endoplasms
  7 giant cockroaches
  8 goblins
  8 hobgoblins
  5 jackals (D:2)
  6 quokkas
  3 bats (D:2)
  4 frilled lizards (D:2)
  15 kobolds
  A rat (D:1)
332 creatures vanquished.

Vanquished Creatures (collateral kills)
  A deep elf pyromancer (D:10)
  A cyclops (D:11)
  An ugly thing (D:11)
  A merfolk siren (Lair:2)
  An elephant (Lair:2)
  A gargoyle (D:13)
  A cane toad (Lair:1)
  A komodo dragon (D:10)
  A troll (D:9)
  A blink frog (Lair:2)
  2 slime creatures (D:12)
  A vampire (D:11)
  A centaur simulacrum (D:10)
  A wraith (D:12)
  A yak (Lair:1)
  5 vampire mosquitoes
  An acid dragon (D:5)
  A water moccasin (Lair:2)
  2 orc warriors (D:8)
  4 ice beasts
  2 centaurs
  A kobold brigand (D:10)
  A bullfrog (Lair:1)
  A gnoll sergeant (D:10)
  A killer bee (D:9)
  2 orc priests (D:8)
  3 orc wizards
  2 gnolls (D:10)
  2 white imps
  2 orcs (D:8)
  2 training dummies (D:7)
  3 kobolds
51 creatures vanquished.

Vanquished Creatures (others)
  5 hexers
5 creatures vanquished.

Grand Total: 388 creatures vanquished

Notes
Turn   | Place    | Note
-------+----------+-------------------------------------------
     0 | D:1      | senseless the Coglin Gladiator began the quest for the Orb.
     0 | D:1      | Reached XP level 1. HP: 16/16 MP: 1/1
   121 | D:1      | Reached XP level 2. HP: 20/22 MP: 2/2
   478 | D:1      | Reached XP level 3. HP: 24/28 MP: 3/3
   822 | D:2      | Reached XP level 4. HP: 32/34 MP: 4/4
  1121 | D:2      | Got the Compendium of the Displaced Glacier
  1195 | D:2      | Reached XP level 5. HP: 41/41 MP: 5/5
  2676 | D:4      | Reached XP level 6. HP: 44/47 MP: 6/6
  2741 | D:4      | Noticed a black bear
  2753 | D:4      | Killed a black bear
  2863 | D:4      | Reached XP level 7. HP: 54/54 MP: 7/7
  2972 | D:4      | Identified the +2 leather armour of Boqames {rPois rC++
                  | Slay+2}
  3046 | D:4      | Found a hazy altar of Hepliaklqana.
  3061 | D:4      | Reached skill level 5 in Long Blades
  3320 | D:4      | Became a worshipper of Hepliaklqana the Forgotten
  3342 | D:5      | Entered Level 5 of the Dungeon
  3566 | D:5      | Reached skill level 5 in Fighting
  3573 | D:5      | Found a transporter.
  3587 | D:5      | Reached skill level 5 in Dodging
  3587 | D:5      | Reached XP level 8. HP: 62/62 MP: 8/8
  3659 | D:5      | Noticed a troll
  3682 | D:5      | Found an ancient bone altar of Kikubaaqudgha.
  3683 | D:5      | Found a burning altar of Makhleb.
  3684 | D:5      | Found a transporter.
  3954 | D:6      | Identified a scroll of acquirement
  3954 | D:6      | Acquired a +0 scimitar of electrocution
  4238 | D:6      | Reached XP level 9. HP: 69/69 MP: 9/9
  4305 | D:6      | Reached * piety under Hepliaklqana
  5243 | D:7      | Found Deudam's Vocational Training.
  5360 | D:7      | Reached ** piety under Hepliaklqana
  5361 | D:7      | Remembered your ancestor Akkiek as a hexer
  5519 | D:7      | Found a staircase to the Ecumenical Temple.
  5680 | D:7      | Reached skill level 5 in Throwing
  5727 | D:7      | Found an opulent altar of Gozag.
  5874 | D:8      | Reached XP level 10. HP: 72/72 MP: 10/10
  5947 | D:8      | Noticed Prince Ribbit
  5969 | D:8      | Killed Prince Ribbit
  6328 | D:8      | Reached *** piety under Hepliaklqana
  6523 | D:8      | Noticed a cyclops
  6539 | D:8      | Killed a cyclops
  7628 | D:10     | Entered Level 10 of the Dungeon
  7811 | D:10     | Reached **** piety under Hepliaklqana
  7812 | D:10     | Noticed a deep elf pyromancer
  7819 | D:10     | Killed a deep elf pyromancer
  7989 | D:10     | Found a shimmering blue altar of Sif Muna.
  8037 | D:10     | Found a runed translucent gate.
  8037 | D:10     | Found a runed translucent gate.
  8037 | D:10     | Found a runed translucent gate.
  8047 | D:10     | Found a staircase to the Lair.
  8151 | D:10     | Reached XP level 11. HP: 80/80 MP: 11/11
  8160 | D:10     | Reached skill level 1 in Invocations
  8685 | D:10     | Noticed fpsbossfight's ghost (journeyman GrFE)
  9183 | Lair:1   | Entered Level 1 of the Lair of Beasts
  9254 | D:10     | Killed fpsbossfight's ghost
  9467 | D:11     | Noticed a cyclops
  9473 | D:11     | Killed a cyclops
  9474 | D:11     | Reached skill level 10 in Long Blades
  9603 | D:11     | Reached skill level 10 in Fighting
  9753 | D:11     | Found a staircase to the Orcish Mines.
  9832 | D:11     | Found a shadowy altar of Dithmenos.
  9891 | D:11     | Noticed a brown ugly thing
  9899 | D:11     | Killed a brown ugly thing
  9972 | D:11     | Found Zionyut's Armour Emporium.
 10369 | D:12     | Reached XP level 12. HP: 87/87 MP: 14/14
 10424 | D:12     | Found Ojemucvo's Magic Scroll Shop.
 10434 | D:12     | Bought a scroll of enchant weapon for 120 gold pieces
 10434 | D:12     | Bought a scroll of enchant armour for 120 gold pieces
 10434 | D:12     | Bought a scroll of identify for 32 gold pieces
 10434 | D:12     | Bought a scroll of enchant armour for 120 gold pieces
 10434 | D:12     | Bought a scroll of identify for 32 gold pieces
 10434 | D:12     | Bought a scroll of identify for 32 gold pieces
 10483 | D:12     | Reached ***** piety under Hepliaklqana
 10657 | D:12     | Identified the +3 whip of True Grit {holy, rF++ rCorr}
 10816 | D:12     | Noticed a death yak
 10816 | D:12     | Noticed a death yak
 10816 | D:12     | Noticed a death yak
 10818 | D:12     | Noticed a death yak
 10852 | D:12     | Killed a death yak
 10863 | D:12     | Killed a death yak
 10864 | D:12     | Reached skill level 10 in Dodging
 10908 | D:12     | Killed a death yak
 10950 | D:12     | Killed a death yak
 11416 | D:13     | HP: 4/90 [something (22)]
 11750 | D:13     | Noticed a centaur warrior
 11760 | D:13     | Killed a centaur warrior
 11778 | D:13     | Noticed a tengu warrior
 12019 | Lair:1   | Reached XP level 13. HP: 87/95 MP: 16/16
 12443 | Lair:1   | Identified the +1 battleaxe "Bitegae" {flame, Dex+2}
 13466 | Lair:2   | Found a staircase to the Shoals.
 13810 | Lair:2   | Reached ****** piety under Hepliaklqana
 13889 | Lair:1   | Slain by a death yak

Illustrated notes

Levels and vault maps discovered:
D:1:      dpeg_arrival_simpleton_a, layout_basic
D:2:      layout_basic
D:3:      layout_loops_corners, serial_aquarium, aquarium_bridge_straight
          [aquarium_subvault_bridge, aquarium_subvault_wall,
          aquarium_subvault_bridge, aquarium_subvault_wall],
          aquarium_bridge_long_separate [aquarium_subvault_bridge,
          aquarium_subvault_window, aquarium_subvault_wall,
          aquarium_subvault_wall, aquarium_subvault_bridge,
          aquarium_subvault_bridge], aquarium_window_fake, aquarium_window_1,
          aquarium_view_2d, aquarium_view_2e, aquarium_balcony_1b
D:4:      layout_rooms, mainiacjoe_overflow_alcove_1, serial_forest,
          infiniplex_forest_straight_2, infiniplex_forest_clump_tiny,
          infiniplex_forest_corner_1, infiniplex_forest_lined_room_2,
          infiniplex_forest_straight_5, infiniplex_forest_straight_2,
          infiniplex_forest_zigzag_1, infiniplex_forest_end_2,
          grunt_ministairs_7
D:5:      layout_cave_pools, gammafunk_temple_overflow_arena
D:6:      layout_gridville
D:7:      dreamdust_elfheim, layout_gridville, mainiacjoe_overflow_alcove_4,
          minmay_temple_entry_antechambers, nicolae_shop_vocational
D:8:      layout_basic, minmay_microvault, uniq_prince_ribbit1
D:9:      layout_long_grid, minmay_holes, serial_park_tiny_2
D:10:     layout_layer_cave, hellmonk_sif_muna_bookshelves, lair_entry_dummy,
          gammafunk_ghost_icy
D:11:     layout_roguey, hiddenorc1_lemuel, serial_shops, kennysheep_mini,
          grunt_dithmenos_smoke_and_mirrors
D:12:     argonaut_augean_stables, layout_cave_pods, serial_shops, shop
D:13:     layout_basic, grunt_vaults_entry_tiered,
          chequers_serial_rivers_small_b
Lair:1:   layout_layer_cave, grunt_megastairs_4
Lair:2:   layout_long_grid, minmay_shoals_entry_lonely_mermaid,
          grunt_megastairs_1

Skill      XL: |  1  2  3  4  5  6  7  8  9 10 11 12 13 |
---------------+----------------------------------------+-----
Throwing       | 2 3 4 5 6 7 8 |  8.3
Dodging        | 3 4 5 6 7 8 9 10 11 | 11.4
Fighting       | 3 4 5 6 7 9 10 11 12 | 12.3
Long Blades    | 4 5 6 7 9 10 11 12 | 12.4
Invocations    | 2 4 |  4.8

Action                     |  1- 3 |  4- 6 |  7- 9 | 10-12 | 13-15 || total
---------------------------+-------+-------+-------+-------+-------++-------
  Melee: Long sword        |    74 |   112 |   152 |   472 |   155 ||   965
         Short sword       |    37 |   107 |    41 |       |       ||   185
         Scimitar          |       |       |    31 |       |       ||    31
         Falchion          |       |       |       |   106 |   161 ||   267
  Throw: Boomerang         |       |    32 |    69 |   193 |       ||   294
         Dart              |       |     5 |    21 |    45 |       ||    71
 Invoke: Ancestor Life: He |       |       |     1 |       |       ||     1
         Recall Ancestor   |       |       |       |       |     1 ||     1
  Evoke: Wand              |       |       |     8 |       |     3 ||    11
    Use: Scroll            |       |    11 |    10 |     8 |     3 ||    32
         Potion            |       |       |       |     5 |     1 ||     6
   Stab: Confused          |       |       |       |    20 |     3 ||    23
         Distracted        |       |       |       |     7 |     3 ||    10
         Sleeping          |       |       |       |     1 |       ||     1
 Armour: Leather armour    |    41 |       |    74 |   235 |    90 ||   440
         Scale mail        |    55 |    90 |     2 |       |       ||   147
  Dodge: Dodged            |    99 |    92 |    88 |   280 |   121 ||   680

Table legend: (Time is in decaauts)
 A = Elapsed time spent in this place.
 B = Non-inter-level travel time spent in this place.
 C = Inter-level travel time spent in this place.
 D = Time resting spent in this place.
 E = Time spent auto-exploring this place.
 F = Levels seen in this place.
 G = Mean time per level.
                   A        B        C        D        E       F      G
               +--------+--------+--------+--------+--------+-----+--------+
         Total |  14366 |  13633 |    733 |    189 |  11150 |  15 |  957.7 |
       Dungeon |  12307 |  11587 |    720 |    189 |   9418 |  13 |  946.7 |
          Lair |   2058 |   2045 |     13 |      0 |   1732 |   2 | 1029.0 |
               +--------+--------+--------+--------+--------+-----+--------+

Top non-repeatable levels by time:
    D:10: 1664 daAuts
  Lair:1: 1488 daAuts
     D:7: 1179 daAuts
     D:8: 1140 daAuts
     D:3: 1058 daAuts
    D:12: 1036 daAuts
    D:11: 955 daAuts
     D:6: 947 daAuts
     D:2: 873 daAuts
     D:4: 821 daAuts
     D:9: 749 daAuts
     D:5: 726 daAuts
     D:1: 723 daAuts
  Lair:2: 570 daAuts
    D:13: 430 daAuts
